 Dungeon Crawl Stone Soup version 0.25-a0-109-ge9c0e85935 (webtiles) character file.

Game seed: 6203311582680967748, levelgen mode: deterministic

1 vurker the Skirmisher (level 1, 0/18 HPs)
             Began as a Formicid Abyssal Knight on Nov 18, 2019.
             Was a Follower of Lugonu.
             Slain by a jackal (3 damage)
             ... on level 1 of the Dungeon.
             The game lasted 00:00:18 (21 turns).

vurker the Skirmisher (Formicid Abyssal Knight)       Turns: 21, Time: 00:00:19

Health: 0/18       AC:  3    Str: 16    XL:     1   Next: 22%
Magic:  2/2        EV: 11    Int: 11    God:    Lugonu [*.....]
Gold:   0          SH:  0    Dex: 10    Spells: 0/0 levels left

rFire    . . .     SeeInvis +   a - +1 hand axe
rCold    . . .     Gourm    .   (no shield)
rNeg     . . .     Faith    .   b - +0 leather armour
rPois    .         Spirit   .   (helmet unavailable)
rElec    .         Reflect  .   (no cloak)
rCorr    .         Harm     .   (no gloves)
MR       .....                  (no boots)
Stlth    +.........             (no amulet)
HPRegen  0.06/turn              (no ring)
MPRegen  0.08/turn              (no ring)

@: no status effects
A: permanent stasis, dig shafts and tunnels, four strong arms, antennae 3
a: Dig, Shaft Self, Depart the Abyss, Renounce Religion


You were on level 1 of the Dungeon.
You worshipped Lugonu.
Lugonu was aware of your devotion.
You were not hungry.

You visited 1 branch of the dungeon, and saw 1 of its levels.
You visited the Abyss 1 time.

Inventory:

Hand Weapons
 a - a +1 hand axe (weapon)
Armour
 b - a +0 leather armour (worn)
Comestibles
 e - a ration


   Skills:
 + Level 3.3 Fighting
 * Level 2.0 Axes
 - Level 2.1 Armour
 - Level 0.8 Dodging
 + Level 2.2 Invocations


You couldn't memorise any spells.
You didn't know any spells.
Your spell library was empty.

Dungeon Overview and Level Annotations

Branches:
Dungeon (1/15)

Altars:


Innate Abilities, Weirdness & Mutations

You cannot be hasted, slowed, berserked, paralysed or teleported.
You can dig through walls and to a lower floor.
Your four strong arms can wield two-handed weapons with a shield.
You have a pair of large antennae on your head. (SInv)


Message History

A jackal comes into view.
Found 10 gold pieces.
A jackal comes into view.
The jackal moves out of view.
Found a scroll labeled PYH KIMOLIREL.
A jackal comes into view.
The jackal barks!
You hit the jackal but do no damage. You hit the fungus.
You hit the fungus but do no damage. The jackal closely misses you.
You closely miss the jackal. You hit the fungus but do no damage.
You hit the fungus. The jackal bites you. The jackal misses you.
The jackal barks!
You hit the jackal.
You kill the jackal!
Lugonu accepts your kill.
You hit the fungus. You hit the fungus but do no damage. You hit the jackal.
The jackal barely misses you.
You hit the jackal but do no damage. You hit the fungus. x2
You hit the jackal but do no damage. The jackal bites you.
The jackal closely misses you.
The jackal bites you but does no damage. x2
You barely miss the jackal. You hit the fungus but do no damage.
You hit the fungus. You hit the jackal.
The jackal bites you but does no damage.
A giant cockroach comes into view.
The jackal closely misses you. The jackal barely misses you.
You closely miss the jackal. You hit the fungus.
You hit the fungus but do no damage. You closely miss the jackal. x2
The jackal misses you.
The jackal bites you but does no damage.
The jackal barely misses you. The jackal bites you.
You closely miss the jackal. You hit the fungus.
You completely miss the fungus. You hit the jackal but do no damage.
You closely miss the jackal. The jackal barely misses you.
The jackal bites you.
* * * LOW HITPOINT WARNING * * *
The jackal bites you.
* * * LOW HITPOINT WARNING * * *
The jackal barely misses you. x2
You closely miss the jackal. x2; You hit the fungus. x2
You barely miss the jackal. The jackal barely misses you.
The jackal closely misses you. The jackal bites you.
* * * LOW HITPOINT WARNING * * *
The jackal bites you but does no damage.
The jackal bites you.
* * * LOW HITPOINT WARNING * * *
The jackal closely misses you.
You hit the jackal. x2; You hit the fungus. x2; You barely miss the jackal.
The jackal bites you.
You die... ... ?$. ....h ... ..♣♣♣♣♣♣♣♣♣ ♣..PP..PP♣ ♣shhP..PP♣

♣Ph@.PP..♣
♣PP...P..♣
♣..P.<.PP♣
♣..PP...P♣
♣PP..P...♣
♣PP..PP..♣
♣♣♣♣♣♣♣♣♣..
..# ##


You could see 3 jackals and a giant cockroach.

Vanquished Creatures
  A jackal (D:1)
1 creature vanquished.

Notes
Turn   | Place    | Note
-------+----------+-------------------------------------------
     0 | Abyss:1  | vurker the Formicid Abyssal Knight began the quest for the
                  | Orb.
     0 | Abyss:1  | Reached XP level 1. HP: 18/18 MP: 2/2
     1 | Abyss:1  | Found a corrupted altar of Lugonu.
    10 | D:1      | Escaped the Abyss
    21 | D:1      | Slain by a jackal

Levels and vault maps discovered:
D:1:      scummos_arrival_checkerplants, layout_basic

Action                   || total
-------------------------++-------
Melee: Hand axe          ||     9
Armor: Leather armour    ||     5
Dodge: Dodged            ||    14

Table legend:
 A = Non-vault XP
 B = Vault XP
 C = Vault XP percentage of total XP
 D = Non-vault monster count
 E = Vault monster count
 F = Vault count percentage of total count
                 A         B        C        D         E       F
            +---------+---------+-------+---------+---------+-------
      Total |       2 |       0 |   0.0 |       1 |       0 |   0.0
            +---------+---------+-------+---------+---------+-------
        D:1 |       2 |       0 |   0.0 |       1 |       0 |   0.0
            +---------+---------+-------+---------+---------+-------
